 Dungeon Crawl Stone Soup version 0.30.1-11-g7821555f0a (webtiles) character file.

Game seed: 492289320551450358

16 Diggabert the Cudgeller (level 2, -2/22 HPs)
             Began as a Human Gladiator on Nov 9, 2023.
             Slain by an adder (3 damage)
             ... on level 1 of the Dungeon.
             The game lasted 00:00:59 (613 turns).

Diggabert the Cudgeller (Human Gladiator)            Turns: 613, Time: 00:01:00

Health: -2/22      AC:  4    Str: 14    XL:     2   Next: 75%
Magic:  2/2        EV: 12    Int:  8    God:
Gold:   19         SH:  0    Dex: 14    Spells: 1/1 levels left

rFire   . . .        a - +0 flail
rCold   . . .        (no shield)
rNeg    . . .        b - +0 leather armour
rPois   .            c - +0 helmet
rElec   .            (no cloak)
rCorr   .            (no gloves)
SInv    .            (no boots)
Will    .....        (no amulet)
Stlth   +            (no ring)
HPRegen 0.23/turn    (no ring)
MPRegen 0.08/turn

%: no passive effects
@: lethally poisoned (-2 -> -6)
A: no striking features
a: no special abilities


You were on level 1 of the Dungeon.
You visited 1 branch of the dungeon, and saw 2 of its levels.

You collected 19 gold pieces.

Inventory:

Hand Weapons
 a - a +0 flail (weapon)
Missiles
 d - 3 throwing nets (quivered)
 e - a javelin
 i - 3 poisoned darts
Armour
 b - a +0 leather armour (worn)
 c - a +0 helmet (worn)
Scrolls
 f - a scroll of enchant armour {unknown}
 g - 3 scrolls of identify
Potions
 h - 2 potions of heal wounds


   Skills:
 * Level 2.1 Fighting
 * Level 3.3 Maces & Flails
 - Level 2.0 Throwing
 * Level 0.3 Armour
 * Level 3.3 Dodging


You had one spell level left.
You didn't know any spells.
Your spell library was empty.

Dungeon Overview and Level Annotations

Branches:
Dungeon (2/15)

Altars:


Message History

The adder hisses angrily.
The adder bites you but does no damage.
You climb upwards.
There is a stone staircase leading down here.
You miss the adder. The adder barely misses you. x2
You barely miss the adder. The adder bites you but does no damage.
You miss the adder. The adder bites you but does no damage.
The adder closely misses you.
You barely miss the adder. The adder bites you but does no damage.
The adder closely misses you.
You barely miss the adder. The adder bites you.
You are poisoned.
The adder poisons you!
You miss the adder.
You feel sick. The adder bites you.
You are more poisoned.
The adder poisons you! The adder bites you.
You are lethally poisoned!
The adder poisons you!
You miss the adder.
You feel very sick. The adder closely misses you.
You are too injured to fight recklessly!
You are too injured to fight recklessly!
You are too injured to fight recklessly!
You are too injured to fight recklessly!
You barely miss the adder.
* * * LOW HITPOINT WARNING * * *
You feel very sick. The adder bites you.
* * * LOW HITPOINT WARNING * * *
The adder bites you but does no damage.
You hit the adder.
The adder is moderately wounded.
* * * LOW HITPOINT WARNING * * *
You feel sick. The adder bites you but does no damage.
You barely miss the adder.
The adder is moderately wounded.
* * * LOW HITPOINT WARNING * * *
You feel sick. The adder bites you but does no damage. The adder bites you.
You die...

##.##.######.......#### #
#.##.#.# #####......# # #.##.#.#
###.##.# # #.##.#.# #.##.# #
###.##.#.# #.##.# ### #......#.#
########.##.########.. #.###..#.#
#.............#...)..# ..# #..#.#
#.###S###.###........)
#.###.##.###.# #@###.#####.#.##.#
#.....##.....# #.#.........#.##.#
###.####.#######.#.#.#######.##..
#.# #...........#.##### #.##..
##.####..###......#.#...# #.#...
#.....................#.# #.#...
#..####...........รท.#...# #.#...
#..# #...##.##.#.####.## #.##..
##..####...##.##.#.# #.# #.##..


You could see an adder.

Vanquished Creatures
  2 dart slugs (D:1)
  An endoplasm (D:1)
  2 goblins (D:1)
  A kobold (D:1)
  5 bats (D:1)
  3 rats (D:1)
14 creatures vanquished.

Notes
Turn   | Place    | Note
-------+----------+-------------------------------------------
     0 | D:1      | Diggabert the Human Gladiator began the quest for the Orb.
     0 | D:1      | Reached XP level 1. HP: 16/16 MP: 1/1
   172 | D:1      | Reached XP level 2. HP: 15/22 MP: 2/2
   613 | D:1      | HP: 1/22 [poisoned by an adder]
   613 | D:1      | Slain by an adder

Illustrated notes

Levels and vault maps discovered:
D:1:      amcnicky_arrival_gap_in_the_tavern_cellar, layout_loops_ring
D:2:      layout_rooms, small_statue_intersection

Action                     || total
---------------------------++-------
  Melee: Flail             ||    44
         Punch             ||     2
    Use: Scroll            ||     1
 Armour: Leather armour    ||    22
  Dodge: Dodged            ||    27
